 Dungeon Crawl Stone Soup version 0.27-a0-1060-gcb85b5eba1 (webtiles) character file.

Game seed: 2167053255667530725

26 Ijustatesigmund the Skirmisher (level 2, 0/24 HPs)
             Began as a Demonspawn Fighter on Apr 21, 2021.
             Slain by a centaur (4 damage)
             ... on level 2 of the Dungeon.
             The game lasted 00:01:30 (1461 turns).

Ijustatesigmund the Skirmisher (Demonspawn Fighter) Turns: 1461, Time: 00:01:31

Health: 0/24       AC:  6    Str: 16    XL:     2   Next: 89%
Magic:  2/2        EV:  7    Int:  9    God:
Gold:   78         SH:  8    Dex: 12    Spells: 1/1 levels left

rFire    . . .     SeeInvis .   a - +0 war axe
rCold    . . .     Faith    .   c - +0 kite shield
rNeg     . . .     Spirit   .   b - +0 scale mail
rPois    .         Reflect  .   (no helmet)
rElec    .         Harm     .   (no cloak)
rCorr    .         Rampage  .   (no gloves)
Will     .....                  (no boots)
Stlth    ..........             (no amulet)
HPRegen  0.08/turn              (no ring)
MPRegen  0.08/turn              (no ring)

@: no status effects
A: talons 1
a: no special abilities


You were on level 2 of the Dungeon.
You visited 1 branch of the dungeon, and saw 2 of its levels.

You collected 78 gold pieces.

Inventory:

Hand Weapons
 a - a +0 war axe (weapon)
Armour
 b - a +0 scale mail (worn)
 c - a +0 kite shield (worn)
Jewellery
 e - a ring of ice
Scrolls
 g - a scroll of fear
Potions
 d - a potion of might
 f - a potion of curing {unknown}
 h - a potion of heal wounds {unknown}
 i - a potion of resistance {unknown}
 j - a potion of degeneration {unknown}


   Skills:
 + Level 3.2 Fighting
 * Level 2.5 Axes
 - Level 2.6 Armour
 + Level 1.0 Dodging
 - Level 2.6 Shields


You had one spell level left.
You didn't know any spells.
Your spell library was empty.

Dungeon Overview and Level Annotations

Branches:
Dungeon (2/15)

Altars:

Shops:
D:1 (   D:2 (


Innate Abilities, Weirdness & Mutations

You have sharp toenails.


Message History

The centaur unwields a +0 shortbow.
The centaur hits you but does no damage.
The centaur kicks you but does no damage.
The centaur barely misses you. x3; The centaur kicks you.
You slash the centaur! You claw the centaur, but do no damage.
The centaur is heavily wounded.
The centaur barely misses you.
The centaur kicks you but does no damage.
You block the centaur's attack.
The centaur kicks you but does no damage.
Your scale mail prevents you from hitting the centaur.
You claw the centaur.
The centaur is severely wounded.
You block the centaur's attack.
The centaur kicks you but does no damage.
The centaur barely misses you. The centaur kicks you.
The centaur closely misses you. You block the centaur's attack.
You are too injured to fight recklessly!
You are too injured to fight recklessly!
You are too injured to fight recklessly!
You are too injured to fight recklessly!
You are too injured to fight recklessly!
You are too injured to fight recklessly!
You are too injured to fight recklessly!
You are too injured to fight recklessly!
You are too injured to fight recklessly!
You are too injured to fight recklessly!
You are too injured to fight recklessly!
You are too injured to fight recklessly!
You are too injured to fight recklessly!
You barely miss the centaur.
The centaur is severely wounded.
You hit the worm. You block the centaur's attack.
The centaur kicks you but does no damage.
You block the centaur's attack. x2; The worm bites you!
* * * LOW HITPOINT WARNING * * *
You barely miss the centaur.
The centaur is severely wounded.
You slash the worm! The centaur hits you.
You die...

.. ... ... #.#
##.###### # .......
##.##w.#.#
#..c@....##
#.?##.$...#
#..###....##..
#..#.......... #..
#........#####.####..
#.##.##.###.......#..
#.......# #.##.##.#..
####.######.##.##.#.#
####)................


You could see a centaur and a worm.

Vanquished Creatures
  A worm (D:2)
  2 ball pythons
  2 bats (D:1)
  3 endoplasms
  A giant cockroach (D:1)
  A goblin (D:1)
  6 jackals (D:1)
  A frilled lizard (D:1)
  A kobold (D:1)
  2 rats (D:1)
20 creatures vanquished.

Vanquished Creatures (others)
  A fungus (D:1)
  6 plants (D:1)
7 creatures vanquished.

Grand Total: 27 creatures vanquished

Notes
Turn   | Place    | Note
-------+----------+-------------------------------------------
     0 | D:1      | Ijustatesigmund the Demonspawn Fighter began the quest for
                  | the Orb.
     0 | D:1      | Reached XP level 1. HP: 18/18 MP: 1/1
   188 | D:1      | Gained mutation: You have sharp toenails. [demonic
                  | ancestry]
   188 | D:1      | Reached XP level 2. HP: 5/24 MP: 2/2
   437 | D:1      | Found Cakh's Antique Weapon Shoppe.
   832 | D:1      | Found a faded altar of an unknown god.
  1099 | D:2      | Found Zodid's Antique Weapon Boutique.
  1314 | D:2      | Reached skill level 1 in Dodging
  1454 | D:2      | Noticed a centaur
  1461 | D:2      | Slain by a centaur

Illustrated notes

Levels and vault maps discovered:
D:1:      amcnicky_arrival_blooded_trapdoor, layout_basic,
          shapermc_ecumenical_altar_mp_ritualfount, serial_shops,
          nicolae_shop_crystal, interstate_on_off, supply_closet_lemuel,
          minmay_3d_cube
D:2:      layout_loops_cross, serial_shops, shop

Skill      XL: |  1  2 |
---------------+-------+-----
Axes           | 2 |  2.5
Dodging        | 1 |  1.0
Fighting       | |  3.2
Armour         | |  2.6
Shields        | |  2.6

Action                   || total
-------------------------++-------
Melee: War axe           ||    49
       Kick              ||     8
  Use: Scroll            ||     2
Armor: Scale mail        ||    21
Dodge: Dodged            ||    23
Block: Kite shield       ||    20

Table legend: (Time is in decaauts)
 A = Elapsed time spent in this place.
 B = Non-inter-level travel time spent in this place.
 C = Inter-level travel time spent in this place.
 D = Time resting spent in this place.
 E = Time spent auto-exploring this place.
 F = Levels seen in this place.
 G = Mean time per level.
                   A        B        C        D        E       F      G
               +--------+--------+--------+--------+--------+-----+--------+
         Total |   1491 |   1469 |     22 |    248 |   1063 |   2 |  745.5 |
       Dungeon |   1491 |   1469 |     22 |    248 |   1063 |   2 |  745.5 |
               +--------+--------+--------+--------+--------+-----+--------+

Top non-repeatable levels by time:
     D:1: 1016 daAuts
     D:2: 474 daAuts
